 Dungeon Crawl Stone Soup version 0.23.2-1-ga50397a6bc (webtiles) character file.

Game seed: 13795923951755944848

38 Freyura the Sneak (level 3, -5/27 HPs)
             Began as a Vampire Assassin on Apr 30, 2019.
             Killed from afar by Terence (8 damage)
             ... with a wand of flame (20)
             ... on level 2 of the Dungeon.
             The game lasted 00:02:31 (924 turns).

Freyura the Sneak (Vampire Assassin)                 Turns: 924, Time: 00:02:38

Health: -5/27      AC:  3    Str: 10    XL:     3   Next: 25%
Magic:  3/3        EV: 12    Int: 13    God:
Gold:   6          SH:  0    Dex: 16    Spells: 2/2 levels left

rFire    . . .     SeeInvis +   a - +2 dagger
rCold    . . .     Gourm    .   (no shield)
rNeg     + . .     Faith    .   c - +0 robe
rPois    .         Spirit   .   (helmet restricted)
rElec    .         Reflect  .   d - +0 cloak
rCorr    .         Harm     .   (no gloves)
MR       +....                  (no boots)
Stlth    +++.......             (no amulet)
HPRegen  0.09/turn              (no ring)
MPRegen  0.08/turn              (no ring)

@: no status effects
A: antennae 1, fangs 3, see invisible, deformed body, magic resistance 1, shaggy
fur 1, unbreathing
a: Bat Form


You were on level 2 of the Dungeon.
You were not thirsty.

You visited 1 branch of the dungeon, and saw 2 of its levels.

You collected 6 gold pieces.

Inventory:

Hand Weapons
 a - a +2 dagger (weapon)
 b - a +0 blowgun
Missiles
 e - 8 poisoned needles
 f - 2 curare-tipped needles
Armour
 c - a +0 robe (worn)
 d - a +0 cloak (worn)
Scrolls
 h - 3 scrolls of teleportation {unknown}
 i - a scroll of enchant armour {unknown}
 j - a scroll of magic mapping {unknown}
 k - a scroll of enchant weapon {unknown}
Potions
 g - a potion of blood
 m - a potion of curing {unknown}


   Skills:
 + Level 2.1 Fighting
 + Level 2.6 Short Blades
 - Level 1.5 Throwing
 + Level 1.7 Dodging
 * Level 6.7 Stealth


You had 2 spell levels left.
You didn't know any spells.
Your spell library was empty.

Dungeon Overview and Level Annotations

Branches:
Dungeon (2/15)

Altars:

Annotations:
D:2 Jessica, Terence


Innate Abilities, Weirdness & Mutations

You have razor-sharp teeth.
You have supernaturally acute eyesight. (SInv)
You can survive without breathing.
You have a pair of small antennae on your head.
Armour fits poorly on your strangely shaped body.
You are resistant to hostile enchantments. (MR+)
You are covered in fur. (AC +1)


Message History

Terence is moderately wounded.
Jessica casts a spell.
Jessica blinks!
You hit Terence but do no damage.
Terence is moderately wounded.
Terence zaps a wand.
The puff of flame hits you!
You completely miss Terence.
Terence is moderately wounded.
Terence zaps a wand.
The puff of flame hits you!
* * * LOW HITPOINT WARNING * * *
You are too injured to fight recklessly!
You are too injured to fight recklessly!
You are too injured to fight recklessly!
It was a potion of mutation.
You feel extremely strange.
Your body twists and deforms.
Fur sprouts all over your body. A pair of antennae grows on your head!
You feel resistant to hostile enchantments.
Jessica mumbles some strange words.
Jessica blinks!
Terence zaps a wand.
The puff of flame hits you!
You die...

#....# #..... #....#
#@...# #...ยง# #
#....# .# ... #...@#
.#####
.#.#####...@####.$....
....................
#.#...##.###....##.
.....##.# #....#
#.#..##.###....# ....
#.#..#.........# ....
#....#...###...# ..g..
#.##.#...# #...# .....
#.##....## #...#


You could see Terence and Jessica.

Vanquished Creatures
  An adder (D:2)
  2 worms (D:2)
  A leopard gecko (D:1)
  A bat (D:1)
  A giant cockroach (D:1)
  3 goblins (D:1)
  5 hobgoblins
  3 jackals (D:1)
  2 frilled lizards (D:1)
  A rat (D:1)
20 creatures vanquished.

Notes
Turn   | Place    | Note
-------+----------+-------------------------------------------
     0 | D:1      | Freyura the Vampire Assassin began the quest for the Orb.
     0 | D:1      | Reached XP level 1. HP: 16/16 MP: 1/1
   111 | D:1      | Reached skill level 6 in Stealth
   188 | D:1      | Reached XP level 2. HP: 18/22 MP: 2/2
   750 | D:2      | Noticed Jessica
   799 | D:2      | Reached XP level 3. HP: 24/27 MP: 3/3
   911 | D:2      | Noticed Terence
   924 | D:2      | Gained mutation: Armour fits poorly on your strangely
                  | shaped body. [potion of mutation]
   924 | D:2      | Gained mutation: You are covered in fur. (AC +1) [potion of
                  | mutation]
   924 | D:2      | Gained mutation: You have a pair of small antennae on your
                  | head. [potion of mutation]
   924 | D:2      | Gained mutation: You are resistant to hostile enchantments.
                  | (MR+) [potion of mutation]
   924 | D:2      | Killed from afar by Terence

Skill      XL: |  1  2 |
---------------+-------+-----
Stealth        | 6 |  6.7
Fighting       | 2 |  2.1
Short Blades   | |  2.6
Throwing       | |  1.5
Dodging        | |  1.7

Action                   || total
-------------------------++-------
Melee: Dagger            ||    68
       Bite              ||    11
  Use: Potion            ||     1
 Stab: Sleeping          ||     5
Armor: Robe              ||     7
Dodge: Dodged            ||    25
